AoeStats
← FxFlashmob

Arabia

509448124Analyzed
1v1 RM · 5d ago on Sep 26, 2026· 42m 51s· 2 players
Game mode
Random Map
Map size
Tiny (2 player)
Population
200
Speed
Normal
Resources
Standard
Victory
Conquest
Starting age
Dark Age
Ending age
Imperial Age
RankedLock teamsTeams togetherTeam positionsShared explorationLock speedFull tech treeHidden civsTurbo modeCheats
Victory
Defeat
🇩🇪 Chinese · Germany
1392
+15
🇨🇱 Bengalis · Chile
1381
-15
AiM | Pibe cantina
8:00 Loom
10:03 Feudal Age
11:47 Town Watch
14:53 Castle Age
17:22 Fletching
30:11 Bodkin Arrow
30:36 Light Cavalry
33:26 Forging
38:01 Imperial Age
37:06 Wheelbarrow
36:59 Scale Barding Armor
36:44 Double-Bit Axe
38:21 Paiks
41:59 Iron Casting
FxFlashmob
0:30 Loom
9:08 Feudal Age
9:45 Double-Bit Axe
22:39 Castle Age
21:32 Gold Mining
21:27 Horse Collar
23:06 Elite Skirmisher
24:34 Bow Saw
27:31 Heavy Plow
28:09 Wheelbarrow
28:07 Bloodlines
27:57 Husbandry
29:51 Stone Mining
38:07 Imperial Age
36:58 Ballistics
36:34 Murder Holes
37:01 Scale Barding Armor
37:07 Forging
36:50 Fletching
37:03 Town Watch
39:56 Chain Barding Armor
40:51 Iron Casting
40:04 Cavalier
Connection lost

Rejoining the realm…

Still unreachable

The connection could not be restored.

Session expired

The server has moved on; the page needs a fresh start.